 Dungeon Crawl Stone Soup version 0.23-a0-169-gb21e695 (webtiles) character file.

2437 Amnesiac the Conjurer (level 9, -2/57 HPs)
             Began as a Mummy Ice Elementalist on Sept 11, 2018.
             Was an Elder of Sif Muna.
             Slain by a bullfrog zombie (4 damage)
             ... on level 7 of the Dungeon.
             The game lasted 00:16:20 (6755 turns).

Amnesiac the Conjurer (Mummy Ice Elementalist)      Turns: 6755, Time: 00:16:21

Health: -2/57      AC:  6    Str: 14    XL:     9   Next: 25%
Magic:  3/19       EV: 10    Int: 19    God:    Sif Muna [****..]
Gold:   216        SH:  0    Dex:  8    Spells: 7/21 levels left

rFire    . . .     SeeInvis .   q - +1 whip of Revolt {flame, +Inv +Fly Int+2 Dex-5} (curse)
rCold    + + .     Gourm    .   (no shield)
rNeg     + + +     Faith    .   j - +0 ring mail (curse)
rPois    ∞         Spirit   .   o - +0 helmet of the Will of the Gods {*Drain rCorr Str+3} (curse)
rElec    .         Reflect  .   f - scarf {rC+ rF+}
rCorr    +         Harm     .   (no gloves)
MR       +....                  (no boots)
Stlth    ..........             (no amulet)
HPRegen  0.19/turn              s - ring of resist corrosion
MPRegen  0.16/turn              r - ring of attention (curse)

@: divine energy
A: no food or potions, fire vulnerability, cold resistance 1, negative energy
resistance 3, torment resistance, unbreathing
a: Stop Divine Energy, Channel Magic, Forget Spell, Renounce Religion, Evoke
Invisibility, Evoke Flight


You were on level 7 of the Dungeon.
You worshipped Sif Muna.
Sif Muna was greatly pleased with you.
You were not hungry.

You visited 1 branch of the dungeon, and saw 7 of its levels.
You also visited: Sewer.

You collected 216 gold pieces.

Inventory:

Hand Weapons
 l - a +2 dagger of venom
 n - a +4 quarterstaff of chaos
 q - the cursed +1 whip of Revolt (weapon) {flame, +Inv +Fly Int+2 Dex-5}
   (You found it on level 4 of the Dungeon)

   It has been specially enchanted to burn those struck by it, causing extra
   injury to most foes and up to half again as much damage against particularly
   susceptible opponents.
   It affects your intelligence (+2).
   It affects your dexterity (-5).
   It lets you turn invisible.
   It lets you fly.
   It has a curse placed upon it.
Missiles
 h - 5 curare-tipped needles
Armour
 a - a +1 robe
 b - a +0 buckler
 f - a scarf of resistance (worn)
 j - a cursed +0 ring mail (worn)
 o - the cursed +0 helmet of the Will of the Gods (worn) {*Drain rCorr Str+3}
   (You took it off Robin on level 4 of the Dungeon)

   It affects your strength (+3).
   It provides partial protection from all sources of acid and corrosion.
   It causes draining when unequipped.
   It has a curse placed upon it.
Jewellery
 r - a cursed ring of attention (right hand)
 s - a ring of resist corrosion (left hand)
Wands
 m - a wand of iceblast (10)
 p - a wand of scattershot (4)
Scrolls
 c - 6 scrolls of identify {!r}
 d - a scroll of enchant armour {!r}
 e - 7 scrolls of teleportation {!r}
 g - a scroll of fear {!r}
 i - 2 scrolls of amnesia {!r}
 k - a scroll of fog {!r}


   Skills:
 - Level 1.5 Dodging
 - Level 1.5 Stealth
 + Level 1.9 Shields
 + Level 6.7 Spellcasting
 * Level 6.8 Conjurations
 * Level 6.7 Ice Magic


You had 7 spell levels left.
You knew the following spells:

 Your Spells              Type           Power        Failure   Level  Hunger
a - Freeze                Ice            ####         1%          1    N/A
b - Summon Ice Beast      Ice/Summ       ###.....     47%         4    N/A
d - Throw Icicle          Conj/Ice       ####....     13%         4    N/A
e - Throw Frost           Conj/Ice       ####..       1%          2    N/A
z - Ozocubu's Armour      Chrm/Ice       ###.....     16%         3    N/A

Your spell library contained the following spells:

 Spells                   Type           Power        Failure   Level  Hunger


Dungeon Overview and Level Annotations

Branches:
Dungeon (7/15)
 Temple: D:4-7

Altars:
Ashenzari
Cheibriados
Fedhas
Gozag
Qazlal
Ru
Sif Muna
Uskayaw
The Shining One

Shops:
D:5 :}[

Annotations:
D:3 dig 1k
D:4 with stuff?


Innate Abilities, Weirdness & Mutations

You do not eat or drink.
Your flesh is vulnerable to fire.
You are immune to poison.
Your flesh is cold resistant. (rC+)
You are immune to negative energy. (rN+++)
You are immune to unholy pain and torment.
You can survive without breathing.


Message History

Casting: Freeze (safe; 1% risk of failure)
Confirm with . or Enter, or press ? or * to list all spells.
Aiming: Freeze (safe; 1% risk of failure)
Press: ? - help, Shift-Dir - straight line You freeze something.
Something hits you but does no damage.
Things that are here:
a shortbow of freezing; 16 arrows; a centaur corpse The bullfrog zombie hits you but does no damage.
Casting: Freeze (safe; 1% risk of failure)
Confirm with . or Enter, or press ? or * to list all spells.
Aiming: Freeze (safe; 1% risk of failure)
Press: ? - help, Shift-Dir - straight line You freeze something.
Something hits you but does no damage.
Casting: Freeze (safe; 1% risk of failure)
Confirm with . or Enter, or press ? or * to list all spells.
Aiming: Freeze (safe; 1% risk of failure)
Press: ? - help, Shift-Dir - straight line, f - you That would be overly suicidal.
Okay, then.
Casting: Freeze (safe; 1% risk of failure)
Confirm with . or Enter, or press ? or * to list all spells.
Aiming: Freeze (safe; 1% risk of failure)
Press: ? - help, Shift-Dir - straight line You freeze something.
Sif Muna grants you divine energy.
You briefly lose access to your magic!
Something hits you.
* * * LOW HITPOINT WARNING * * *
Something shocks you.
* * * LOW HITPOINT WARNING * * *
A sky beast appears from thin air!
Reactivating autopickup.
There is a stone staircase leading down here.
You regain access to your magic.
Casting: Freeze (safe; 1% risk of failure)
Confirm with . or Enter, or press ? or * to list all spells.
Aiming: Freeze (safe; 1% risk of failure)
Press: ? - help, Shift-Dir - straight line, f - sky beast
Aim: a sky beast (severely wounded)
You freeze the sky beast.
The sky beast is almost dead.
The sky beast barely misses you.
Casting: Freeze (safe; 1% risk of failure)
Confirm with . or Enter, or press ? or * to list all spells.
Aiming: Freeze (safe; 1% risk of failure)
Press: ? - help, Shift-Dir - straight line, f/p - sky beast
Aim: a sky beast (almost dead)
You freeze the sky beast.
You kill the sky beast!
Sif Muna accepts your kill.
You can now freely open your mind to new spells.
Sif Muna grants you divine energy.
You briefly lose access to your magic!
The bullfrog zombie barely misses you.
You regain access to your magic.
The bullfrog zombie closely misses you. The bullfrog zombie hits you.
* * * LOW HITPOINT WARNING * * *
The bullfrog zombie hits you but does no damage.
The bullfrog zombie hits you.
* * * LOW HITPOINT WARNING * * *
There is a stone staircase leading up here.
The bullfrog zombie hits you.
* * * LOW HITPOINT WARNING * * *
The bullfrog zombie hits you.
You die...

........# ###.....#
###.###########.......#
....>...........##....##
###.############.......#
# #..#####.......##.##.#
####.......########....#
...........# ##.####
#..........# ###..#
...........# #@Z..#
..######.### #.##.# .#
#.# #.##.# # #.# #.##.#
#.# #.##.# #.# ###.##.#
#.. ##...##.# ##. #.)###
#. #.##


You could see a bullfrog zombie.

Vanquished Creatures
  A water moccasin (D:7)
  An orc warrior (D:6)
  3 sky beasts
  An ice beast (D:6)
  A phantom (D:6)
  5 ogres
  A centaur (D:7)
  5 bullfrogs (D:6)
  A gnoll sergeant (D:6)
  2 scorpions
  A crimson imp (D:6)
  2 hounds
  2 orc priests
  Crazy Yiuf (D:4)
  A centaur skeleton (D:7)
  2 orc wizards (D:6)
  2 bullfrog skeletons
  Ijyb (D:4)
  2 iguanas (D:4)
  A worker ant (D:6)
  2 hound skeletons
  Robin (D:4)
  8 gnolls (D:6)
  2 river rats (Sewer)
  9 adders
  A shadow imp (D:4)
  An ooze (D:3)
  5 worms
  3 dart slugs
  4 leopard geckos
  4 orcs
  8 giant cockroaches
  16 hobgoblins
  9 jackals
  5 quokkas
  3 ball pythons (Sewer)
  12 bats
  14 frilled lizards
  11 goblins
  6 kobolds
  13 rats
173 creatures vanquished.

Notes
Turn   | Place    | Note
-------+----------+-------------------------------------------
     0 | D:1      | Amnesiac the Mummy Ice Elementalist began the quest for the
                  | Orb.
     0 | D:1      | Reached XP level 1. HP: 13/13 MP: 4/4
   210 | D:1      | Reached XP level 2. HP: 15/19 MP: 0/5
   214 | D:1      | Learned a level 2 spell: Throw Frost
   509 | D:2      | Reached skill level 1 in Conjurations
   597 | D:2      | Reached XP level 3. HP: 23/24 MP: 3/7
   609 | D:2      | Learned a level 3 spell: Ozocubu's Armour
   660 | D:2      | Found a deep blue altar of Sif Muna.
   670 | D:2      | Became a worshipper of Sif Muna the Loreminder
  1138 | D:2      | Found a shattered altar of Ashenzari.
  1172 | D:2      | Reached XP level 4. HP: 30/30 MP: 5/9
  1630 | D:3      | Found an opulent altar of Gozag.
  1775 | D:3      | Found a sacrificial altar of Ru.
  1916 | D:3      | Noticed a dagger
  1917 | D:3      | Noticed a dagger
  1919 | D:3      | Found a hide-covered altar of Uskayaw.
  1984 | D:3      | Found a blossoming altar of Fedhas.
  2141 | D:3      | Found a stormy altar of Qazlal.
  2506 | D:3      | Found a glowing golden altar of the Shining One.
  2519 | D:3      | Reached XP level 5. HP: 29/35 MP: 7/10
  2814 | D:4      | Noticed Ijyb
  2846 | D:4      | Killed Ijyb
  2914 | D:4      | Found a runed door.
  2918 | D:4      | Noticed Crazy Yiuf
  2933 | D:4      | Killed Crazy Yiuf
  2933 | D:4      | Reached * piety under Sif Muna
  2950 | D:4      | Learned a level 4 spell: Throw Icicle
  3086 | D:4      | Found a transporter.
  3125 | D:4      | Noticed an ogre
  3130 | D:4      | Killed an ogre
  3130 | D:4      | Reached XP level 6. HP: 12/41 MP: 3/12
  3271 | D:4      | Found a transporter.
  3362 | D:4      | Noticed Robin
  3380 | D:4      | Killed Robin
  3390 | D:4      | Got a faintly glowing helmet
  3396 | D:4      | Identified the cursed +0 helmet of the Will of the Gods
                  | {*Drain rCorr Str+3} (You took it off Robin on level 4 of
                  | the Dungeon)
  3552 | D:4      | Got an iridescent whip
  3565 | D:5      | Entered Level 5 of the Dungeon
  3569 | D:5      | Identified the cursed +1 whip of Revolt {flame, +Inv +Fly
                  | Int+2 Dex-5} (You found it on level 4 of the Dungeon)
  3594 | D:5      | Reached skill level 5 in Spellcasting
  3624 | D:5      | Noticed a sky beast
  3645 | D:5      | Reached skill level 5 in Ice Magic
  3645 | D:5      | Reached XP level 7. HP: 21/46 MP: 0/14
  3823 | D:5      | Reached ** piety under Sif Muna
  3845 | D:5      | Found Ycuecha's Armour Emporium.
  3853 | D:5      | Found Kops's Gadget Boutique.
  3892 | D:5      | You fall through a shaft!
  4158 | D:6      | Learned a level 4 spell: Summon Ice Beast
  4328 | D:6      | HP: 2/46 [orc warrior/trident (16)]
  4510 | D:6      | Found a glowing drain.
  4514 | Sewer    | Entered a sewer
  4640 | Sewer    | Reached XP level 8. HP: 46/52 MP: 0/17
  4956 | D:5      | Found Misethric's Book Emporium.
  5137 | D:5      | Reached *** piety under Sif Muna
  5295 | D:6      | Reached skill level 5 in Conjurations
  6195 | D:6      | Reached skill level 1 in Shields
  6280 | D:6      | Reached XP level 9. HP: 3/57 MP: 0/18
  6714 | D:7      | Found a snail-covered altar of Cheibriados.
  6738 | D:7      | Reached **** piety under Sif Muna
  6755 | D:7      | HP: 2/57 [bullfrog zombie (6)]
  6755 | D:7      | Slain by a bullfrog zombie

Vault maps used:
D:1:      minmay_arrival_checkered_box, dk_noncrumbling_4, serial_bayou_pond_e,
          minmay_tromino_v4_c
D:2:      lemuel_round_altar, lemuel_coloured_pillars_altar, serial_park_tiny_2,
          kennysheep_minor_cross
D:3:      lemuel_round_altar, old_standard_altar, lemuel_crystal_altar,
          dancing_weapons_uskayaw, old_standard_altar, tso_oasis_becter
D:4:      gammafunk_wand_slinger, uniq_ijyb, uniq_robin, uniq_crazy_yiuf_cottage
D:5:      serial_shops, nicolae_shop_crystal, shop,
          nicolae_shop_competitors_out_of_business, first_ration,
          minmay_misc_feat_plants
D:6:      gup_sewer_entry_spiral, serial_co_window_serial, co_window_corner_a,
          co_window_paths_a, co_window_paths_a, co_window_cross_1,
          co_window_paths_a, co_window_broadway_b, co_window_paths_c,
          co_window_cross_4, co_window_of_opportunity_c, co_window_paths_e,
          glass_columns_a, glass_columns_a, minmay_misc_feat_x
D:7:      nicolae_overflow_crystal_walls, old_standard_altar,
          minmay_temple_entry_nine_rooms
Sewer:    sewer_co_cracked_pipes

Skill      XL: |  1  2  3  4  5  6  7  8 |
---------------+-------------------------+-----
Ice Magic      | 3 4 5 6 |  6.7
Spellcasting   | 3 4 5 6 |  6.7
Conjurations   | 1 2 3 6 |  6.8
Shields        | 1 |  1.9
Dodging        | |  1.5
Stealth        | |  1.5

Action                   |  1- 3 |  4- 6 |  7- 9 || total
-------------------------+-------+-------+-------++-------
Melee: Short sword       |     7 |       |       ||     7
       Unarmed           |     1 |       |       ||     1
       Dagger            |    17 |    26 |       ||    43
       Whip              |       |    13 |    42 ||    55
 Cast: Freeze            |    54 |   104 |    71 ||   229
       Throw Frost       |       |    22 |    69 ||    91
       Throw Icicle      |       |     2 |    71 ||    73
Invok: Divine Energy     |       |     1 |       ||     1
Evoke: Wand              |       |     1 |       ||     1
  Use: Scroll            |       |     7 |     4 ||    11
 Stab: Sleeping          |     5 |     1 |       ||     6
Armor: Robe              |    21 |     6 |       ||    27
       Ring mail         |       |    13 |    46 ||    59
Dodge: Dodged            |    50 |    62 |    76 ||   188

Table legend:
 A = Non-vault XP
 B = Vault XP
 C = Vault XP percentage of total XP
 D = Non-vault monster count
 E = Vault monster count
 F = Vault count percentage of total count
                 A         B        C        D         E       F
            +---------+---------+-------+---------+---------+-------
      Total |    3241 |     241 |   6.9 |     137 |      36 |  20.8
            +---------+---------+-------+---------+---------+-------
        D:1 |      47 |       1 |   2.1 |      26 |       1 |   3.7
        D:2 |      81 |       0 |   0.0 |      26 |       0 |   0.0
        D:3 |      68 |       0 |   0.0 |      24 |       0 |   0.0
        D:4 |     275 |     157 |  36.3 |       7 |      11 |  61.1
        D:5 |     452 |       0 |   0.0 |      17 |       0 |   0.0
        D:6 |    1532 |      14 |   0.9 |      29 |       6 |  17.1
        D:7 |     786 |       0 |   0.0 |       8 |       0 |   0.0
      Sewer |       0 |      69 | 100.0 |       0 |      18 | 100.0
            +---------+---------+-------+---------+---------+-------
